Workbook

Sheet Budget
A1: Category | B1: Type | C1: Jan | D1: Feb | E1: Mar | F1: Apr | G1: May | H1: Jun | I1: Jul | J1: Aug | K1: Sep | L1: Oct | M1: Nov | N1: Dec | O1: Year total | P1: Monthly average
A2: Paychecks | B2: Income | C2: 7800 | D2: 5200 | E2: 5200 | F2: 5200 | G2: 5200 | H2: 5200 | I2: 7800 | J2: 5200 | K2: 5200 | L2: 5200 | M2: 5200 | N2: 5200 | O2: =SUM(C2:N2) -> 67600 | P2: =IF(COUNTA(C2:N2)=0,0,O2/COUNTA(C2:N2)) -> 5633.3333
A3: Side income and bonus | B3: Income | C3: 300 | D3: 300 | E3: 300 | F3: 1200 | G3: 300 | H3: 300 | I3: 300 | J3: 300 | K3: 300 | L3: 300 | M3: 300 | N3: 2500 | O3: =SUM(C3:N3) -> 6700 | P3: =IF(COUNTA(C3:N3)=0,0,O3/COUNTA(C3:N3)) -> 558.33333
A4: Rent or mortgage | B4: Expense | C4: 1650 | D4: 1650 | E4: 1650 | F4: 1650 | G4: 1650 | H4: 1650 | I4: 1650 | J4: 1650 | K4: 1650 | L4: 1650 | M4: 1650 | N4: 1650 | O4: =SUM(C4:N4) -> 19800 | P4: =IF(COUNTA(C4:N4)=0,0,O4/COUNTA(C4:N4)) -> 1650
A5: Utilities | B5: Expense | C5: 240 | D5: 230 | E5: 200 | F5: 160 | G5: 140 | H5: 190 | I5: 230 | J5: 230 | K5: 170 | L5: 150 | M5: 190 | N5: 240 | O5: =SUM(C5:N5) -> 2370 | P5: =IF(COUNTA(C5:N5)=0,0,O5/COUNTA(C5:N5)) -> 197.5
A6: Groceries | B6: Expense | C6: 620 | D6: 600 | E6: 620 | F6: 620 | G6: 640 | H6: 640 | I6: 660 | J6: 660 | K6: 620 | L6: 620 | M6: 700 | N6: 760 | O6: =SUM(C6:N6) -> 7760 | P6: =IF(COUNTA(C6:N6)=0,0,O6/COUNTA(C6:N6)) -> 646.66667
A7: Car and gas | B7: Expense | C7: 310 | D7: 310 | E7: 310 | F7: 310 | G7: 310 | H7: 310 | I7: 310 | J7: 310 | K7: 310 | L7: 310 | M7: 310 | N7: 310 | O7: =SUM(C7:N7) -> 3720 | P7: =IF(COUNTA(C7:N7)=0,0,O7/COUNTA(C7:N7)) -> 310
A8: Insurance | B8: Expense | C8: 285 | D8: 285 | E8: 285 | F8: 285 | G8: 285 | H8: 285 | I8: 285 | J8: 285 | K8: 285 | L8: 285 | M8: 285 | N8: 285 | O8: =SUM(C8:N8) -> 3420 | P8: =IF(COUNTA(C8:N8)=0,0,O8/COUNTA(C8:N8)) -> 285
A9: Phone and internet | B9: Expense | C9: 145 | D9: 145 | E9: 145 | F9: 145 | G9: 145 | H9: 145 | I9: 145 | J9: 145 | K9: 145 | L9: 145 | M9: 145 | N9: 145 | O9: =SUM(C9:N9) -> 1740 | P9: =IF(COUNTA(C9:N9)=0,0,O9/COUNTA(C9:N9)) -> 145
A10: Subscriptions | B10: Expense | C10: 48 | D10: 48 | E10: 48 | F10: 48 | G10: 48 | H10: 48 | I10: 48 | J10: 48 | K10: 48 | L10: 48 | M10: 48 | N10: 48 | O10: =SUM(C10:N10) -> 576 | P10: =IF(COUNTA(C10:N10)=0,0,O10/COUNTA(C10:N10)) -> 48
A11: Eating out | B11: Expense | C11: 180 | D11: 180 | E11: 180 | F11: 180 | G11: 180 | H11: 180 | I11: 180 | J11: 180 | K11: 180 | L11: 180 | M11: 180 | N11: 180 | O11: =SUM(C11:N11) -> 2160 | P11: =IF(COUNTA(C11:N11)=0,0,O11/COUNTA(C11:N11)) -> 180
A12: Kids and school | B12: Expense | C12: 120 | D12: 120 | E12: 120 | F12: 120 | G12: 120 | H12: 150 | I12: 300 | J12: 550 | K12: 150 | L12: 120 | M12: 120 | N12: 120 | O12: =SUM(C12:N12) -> 2110 | P12: =IF(COUNTA(C12:N12)=0,0,O12/COUNTA(C12:N12)) -> 175.83333
A13: Medical | B13: Expense | C13: 90 | D13: 90 | E13: 90 | F13: 90 | G13: 90 | H13: 90 | I13: 90 | J13: 90 | K13: 90 | L13: 90 | M13: 90 | N13: 90 | O13: =SUM(C13:N13) -> 1080 | P13: =IF(COUNTA(C13:N13)=0,0,O13/COUNTA(C13:N13)) -> 90
... A18: Savings | B18: Expense | C18: 600 | D18: 600 | E18: 600 | F18: 600 | G18: 600 | H18: 600 | I18: 600 | J18: 600 | K18: 600 | L18: 600 | M18: 600 | N18: 600 | O18: =SUM(C18:N18) -> 7200 | P18: =IF(COUNTA(C18:N18)=0,0,O18/COUNTA(C18:N18)) -> 600
A19: Total income | C19: =SUMIF($B$2:$B$18,"Income",C$2:C$18) -> 8100 | D19: =SUMIF($B$2:$B$18,"Income",D$2:D$18) -> 5500 | E19: =SUMIF($B$2:$B$18,"Income",E$2:E$18) -> 5500 | F19: =SUMIF($B$2:$B$18,"Income",F$2:F$18) -> 6400 | G19: =SUMIF($B$2:$B$18,"Income",G$2:G$18) -> 5500 | H19: =SUMIF($B$2:$B$18,"Income",H$2:H$18) -> 5500 | I19: =SUMIF($B$2:$B$18,"Income",I$2:I$18) -> 8100 | J19: =SUMIF($B$2:$B$18,"Income",J$2:J$18) -> 5500 | ... O19: =SUMIF($B$2:$B$18,"Income",O$2:O$18) -> 74300 | P19: =IF(COUNTIF(C19:N19,"<>0")=0,0,O19/COUNTIF(C19:N19,"<>0")) -> 6191.6667
A20: Total spending | C20: =SUMIF($B$2:$B$18,"Expense",C$2:C$18) -> 4388 | D20: =SUMIF($B$2:$B$18,"Expense",D$2:D$18) -> 4408 | E20: =SUMIF($B$2:$B$18,"Expense",E$2:E$18) -> 4578 | F20: =SUMIF($B$2:$B$18,"Expense",F$2:F$18) -> 4458 | G20: =SUMIF($B$2:$B$18,"Expense",G$2:G$18) -> 4538 | H20: =SUMIF($B$2:$B$18,"Expense",H$2:H$18) -> 4838 | I20: =SUMIF($B$2:$B$18,"Expense",I$2:I$18) -> 6398 | J20: =SUMIF($B$2:$B$18,"Expense",J$2:J$18) -> 4848 | ... O20: =SUMIF($B$2:$B$18,"Expense",O$2:O$18) -> 58025 | P20: =IF(COUNTIF(C20:N20,"<>0")=0,0,O20/COUNTIF(C20:N20,"<>0")) -> 4835.4167
A21: Left over | C21: =C19-C20 -> 3712 | D21: =D19-D20 -> 1092 | E21: =E19-E20 -> 922 | F21: =F19-F20 -> 1942 | G21: =G19-G20 -> 962 | H21: =H19-H20 -> 662 | I21: =I19-I20 -> 1702 | J21: =J19-J20 -> 652 | ... O21: =O19-O20 -> 16275 | P21: =IF(COUNTIF(C21:N21,"<>0")=0,0,O21/COUNTIF(C21:N21,"<>0")) -> 1356.25

Sheet Actual
A1: Category | B1: Type | C1: Jan | D1: Feb | E1: Mar | F1: Apr | G1: May | H1: Jun | I1: Jul | J1: Aug | K1: Sep | L1: Oct | M1: Nov | N1: Dec | O1: Year total | P1: Monthly average
A2: Paychecks | B2: Income | C2: 7800 | D2: 5200 | E2: 5200 | F2: 5200 | G2: 5200 | H2: 5200 | I2: 7800 | J2: 5200 | K2: 5200 | O2: =SUM(C2:N2) -> 52000 | P2: =IF(COUNTA(C2:N2)=0,0,O2/COUNTA(C2:N2)) -> 5777.7778
A3: Side income and bonus | B3: Income | C3: 278.88 | D3: 313.74 | E3: 303.07 | F3: 1009.1 | G3: 249.65 | H3: 251.09 | I3: 293.81 | J3: 257.71 | K3: 316.45 | O3: =SUM(C3:N3) -> 3273.5 | P3: =IF(COUNTA(C3:N3)=0,0,O3/COUNTA(C3:N3)) -> 363.72222
A4: Rent or mortgage | B4: Expense | C4: 1650 | D4: 1650 | E4: 1650 | F4: 1650 | G4: 1650 | H4: 1650 | I4: 1650 | J4: 1650 | K4: 1650 | O4: =SUM(C4:N4) -> 14850 | P4: =IF(COUNTA(C4:N4)=0,0,O4/COUNTA(C4:N4)) -> 1650
A5: Utilities | B5: Expense | C5: 246.04 | D5: 266.71 | E5: 224.55 | F5: 137.22 | G5: 132.24 | H5: 168.65 | I5: 240.74 | J5: 231.33 | K5: 141.28 | O5: =SUM(C5:N5) -> 1788.76 | P5: =IF(COUNTA(C5:N5)=0,0,O5/COUNTA(C5:N5)) -> 198.75111
A6: Groceries | B6: Expense | C6: 659.83 | D6: 560.37 | E6: 608.35 | F6: 686.9 | G6: 581.49 | H6: 648.06 | I6: 713.24 | J6: 771.8 | K6: 603.27 | O6: =SUM(C6:N6) -> 5833.31 | P6: =IF(COUNTA(C6:N6)=0,0,O6/COUNTA(C6:N6)) -> 648.14556
A7: Car and gas | B7: Expense | C7: 271.1 | D7: 259.58 | E7: 339.96 | F7: 350.79 | G7: 332.36 | H7: 318.65 | I7: 350.61 | J7: 308.09 | K7: 262.18 | O7: =SUM(C7:N7) -> 2793.32 | P7: =IF(COUNTA(C7:N7)=0,0,O7/COUNTA(C7:N7)) -> 310.36889
A8: Insurance | B8: Expense | C8: 285 | D8: 285 | E8: 285 | F8: 285 | G8: 285 | H8: 285 | I8: 285 | J8: 285 | K8: 285 | O8: =SUM(C8:N8) -> 2565 | P8: =IF(COUNTA(C8:N8)=0,0,O8/COUNTA(C8:N8)) -> 285
A9: Phone and internet | B9: Expense | C9: 145 | D9: 145 | E9: 145 | F9: 145 | G9: 145 | H9: 145 | I9: 145 | J9: 145 | K9: 145 | O9: =SUM(C9:N9) -> 1305 | P9: =IF(COUNTA(C9:N9)=0,0,O9/COUNTA(C9:N9)) -> 145
A10: Subscriptions | B10: Expense | C10: 48 | D10: 48 | E10: 48 | F10: 48 | G10: 48 | H10: 48 | I10: 48 | J10: 48 | K10: 48 | O10: =SUM(C10:N10) -> 432 | P10: =IF(COUNTA(C10:N10)=0,0,O10/COUNTA(C10:N10)) -> 48
A11: Eating out | B11: Expense | C11: 192.49 | D11: 199.57 | E11: 173.61 | F11: 148.83 | G11: 156.19 | H11: 153.03 | I11: 154.47 | J11: 175.16 | K11: 152.52 | O11: =SUM(C11:N11) -> 1505.87 | P11: =IF(COUNTA(C11:N11)=0,0,O11/COUNTA(C11:N11)) -> 167.31889
A12: Kids and school | B12: Expense | C12: 124.44 | D12: 135.98 | E12: 109.92 | F12: 116.2 | G12: 137.68 | H12: 130.91 | I12: 271.11 | J12: 566.22 | K12: 122.73 | O12: =SUM(C12:N12) -> 1715.19 | P12: =IF(COUNTA(C12:N12)=0,0,O12/COUNTA(C12:N12)) -> 190.57667
A13: Medical | B13: Expense | C13: 86.16 | D13: 105.82 | E13: 91.21 | F13: 93.03 | G13: 104.62 | H13: 103.92 | I13: 85.91 | J13: 77.96 | K13: 73.22 | O13: =SUM(C13:N13) -> 821.85 | P13: =IF(COUNTA(C13:N13)=0,0,O13/COUNTA(C13:N13)) -> 91.316667
... A18: Savings | B18: Expense | C18: 600 | D18: 600 | E18: 600 | F18: 600 | G18: 600 | H18: 600 | I18: 600 | J18: 600 | K18: 600 | O18: =SUM(C18:N18) -> 5400 | P18: =IF(COUNTA(C18:N18)=0,0,O18/COUNTA(C18:N18)) -> 600
A19: Total income | C19: =SUMIF($B$2:$B$18,"Income",C$2:C$18) -> 8078.88 | D19: =SUMIF($B$2:$B$18,"Income",D$2:D$18) -> 5513.74 | E19: =SUMIF($B$2:$B$18,"Income",E$2:E$18) -> 5503.07 | F19: =SUMIF($B$2:$B$18,"Income",F$2:F$18) -> 6209.1 | G19: =SUMIF($B$2:$B$18,"Income",G$2:G$18) -> 5449.65 | H19: =SUMIF($B$2:$B$18,"Income",H$2:H$18) -> 5451.09 | I19: =SUMIF($B$2:$B$18,"Income",I$2:I$18) -> 8093.81 | J19: =SUMIF($B$2:$B$18,"Income",J$2:J$18) -> 5457.71 | ... O19: =SUMIF($B$2:$B$18,"Income",O$2:O$18) -> 55273.5 | P19: =IF(COUNTIF(C19:N19,"<>0")=0,0,O19/COUNTIF(C19:N19,"<>0")) -> 6141.5
A20: Total spending | C20: =SUMIF($B$2:$B$18,"Expense",C$2:C$18) -> 4395.55 | D20: =SUMIF($B$2:$B$18,"Expense",D$2:D$18) -> 4391.71 | E20: =SUMIF($B$2:$B$18,"Expense",E$2:E$18) -> 4574.22 | F20: =SUMIF($B$2:$B$18,"Expense",F$2:F$18) -> 4474.28 | G20: =SUMIF($B$2:$B$18,"Expense",G$2:G$18) -> 4460.81 | H20: =SUMIF($B$2:$B$18,"Expense",H$2:H$18) -> 4781.2 | I20: =SUMIF($B$2:$B$18,"Expense",I$2:I$18) -> 6645.32 | J20: =SUMIF($B$2:$B$18,"Expense",J$2:J$18) -> 4951.41 | ... O20: =SUMIF($B$2:$B$18,"Expense",O$2:O$18) -> 43131.33 | P20: =IF(COUNTIF(C20:N20,"<>0")=0,0,O20/COUNTIF(C20:N20,"<>0")) -> 4792.37
A21: Left over | C21: =C19-C20 -> 3683.33 | D21: =D19-D20 -> 1122.03 | E21: =E19-E20 -> 928.85 | F21: =F19-F20 -> 1734.82 | G21: =G19-G20 -> 988.84 | H21: =H19-H20 -> 669.89 | I21: =I19-I20 -> 1448.49 | J21: =J19-J20 -> 506.3 | ... O21: =O19-O20 -> 12142.17 | P21: =IF(COUNTIF(C21:N21,"<>0")=0,0,O21/COUNTIF(C21:N21,"<>0")) -> 1349.13

Sheet Summary
A1: Month | B1: Planned income | C1: Planned spending | D1: Planned left over | E1: Actual income | F1: Actual spending | G1: Actual left over | H1: Better or worse than plan | I1: Left over so far
A2: Jan | B2: =Budget!C19 -> 8100 | C2: =Budget!C20 -> 4388 | D2: =B2-C2 -> 3712 | E2: =IF(COUNTA(Actual!C2:C18)>0,Actual!C19,"") -> 8078.88 | F2: =IF(COUNTA(Actual!C2:C18)>0,Actual!C20,"") -> 4395.55 | G2: =IF(COUNTA(Actual!C2:C18)>0,E2-F2,"") -> 3683.33 | H2: =IF(COUNTA(Actual!C2:C18)>0,G2-D2,"") -> -28.67 | I2: =SUM($G$2:G2) -> 3683.33
A3: Feb | B3: =Budget!D19 -> 5500 | C3: =Budget!D20 -> 4408 | D3: =B3-C3 -> 1092 | E3: =IF(COUNTA(Actual!D2:D18)>0,Actual!D19,"") -> 5513.74 | F3: =IF(COUNTA(Actual!D2:D18)>0,Actual!D20,"") -> 4391.71 | G3: =IF(COUNTA(Actual!D2:D18)>0,E3-F3,"") -> 1122.03 | H3: =IF(COUNTA(Actual!D2:D18)>0,G3-D3,"") -> 30.03 | I3: =SUM($G$2:G3) -> 4805.36
A4: Mar | B4: =Budget!E19 -> 5500 | C4: =Budget!E20 -> 4578 | D4: =B4-C4 -> 922 | E4: =IF(COUNTA(Actual!E2:E18)>0,Actual!E19,"") -> 5503.07 | F4: =IF(COUNTA(Actual!E2:E18)>0,Actual!E20,"") -> 4574.22 | G4: =IF(COUNTA(Actual!E2:E18)>0,E4-F4,"") -> 928.85 | H4: =IF(COUNTA(Actual!E2:E18)>0,G4-D4,"") -> 6.85 | I4: =SUM($G$2:G4) -> 5734.21
A5: Apr | B5: =Budget!F19 -> 6400 | C5: =Budget!F20 -> 4458 | D5: =B5-C5 -> 1942 | E5: =IF(COUNTA(Actual!F2:F18)>0,Actual!F19,"") -> 6209.1 | F5: =IF(COUNTA(Actual!F2:F18)>0,Actual!F20,"") -> 4474.28 | G5: =IF(COUNTA(Actual!F2:F18)>0,E5-F5,"") -> 1734.82 | H5: =IF(COUNTA(Actual!F2:F18)>0,G5-D5,"") -> -207.18 | I5: =SUM($G$2:G5) -> 7469.03
A6: May | B6: =Budget!G19 -> 5500 | C6: =Budget!G20 -> 4538 | D6: =B6-C6 -> 962 | E6: =IF(COUNTA(Actual!G2:G18)>0,Actual!G19,"") -> 5449.65 | F6: =IF(COUNTA(Actual!G2:G18)>0,Actual!G20,"") -> 4460.81 | G6: =IF(COUNTA(Actual!G2:G18)>0,E6-F6,"") -> 988.84 | H6: =IF(COUNTA(Actual!G2:G18)>0,G6-D6,"") -> 26.84 | I6: =SUM($G$2:G6) -> 8457.87
A7: Jun | B7: =Budget!H19 -> 5500 | C7: =Budget!H20 -> 4838 | D7: =B7-C7 -> 662 | E7: =IF(COUNTA(Actual!H2:H18)>0,Actual!H19,"") -> 5451.09 | F7: =IF(COUNTA(Actual!H2:H18)>0,Actual!H20,"") -> 4781.2 | G7: =IF(COUNTA(Actual!H2:H18)>0,E7-F7,"") -> 669.89 | H7: =IF(COUNTA(Actual!H2:H18)>0,G7-D7,"") -> 7.89 | I7: =SUM($G$2:G7) -> 9127.76
A8: Jul | B8: =Budget!I19 -> 8100 | C8: =Budget!I20 -> 6398 | D8: =B8-C8 -> 1702 | E8: =IF(COUNTA(Actual!I2:I18)>0,Actual!I19,"") -> 8093.81 | F8: =IF(COUNTA(Actual!I2:I18)>0,Actual!I20,"") -> 6645.32 | G8: =IF(COUNTA(Actual!I2:I18)>0,E8-F8,"") -> 1448.49 | H8: =IF(COUNTA(Actual!I2:I18)>0,G8-D8,"") -> -253.51 | I8: =SUM($G$2:G8) -> 10576.25
A9: Aug | B9: =Budget!J19 -> 5500 | C9: =Budget!J20 -> 4848 | D9: =B9-C9 -> 652 | E9: =IF(COUNTA(Actual!J2:J18)>0,Actual!J19,"") -> 5457.71 | F9: =IF(COUNTA(Actual!J2:J18)>0,Actual!J20,"") -> 4951.41 | G9: =IF(COUNTA(Actual!J2:J18)>0,E9-F9,"") -> 506.3 | H9: =IF(COUNTA(Actual!J2:J18)>0,G9-D9,"") -> -145.7 | I9: =SUM($G$2:G9) -> 11082.55
A10: Sep | B10: =Budget!K19 -> 5500 | C10: =Budget!K20 -> 4638 | D10: =B10-C10 -> 862 | E10: =IF(COUNTA(Actual!K2:K18)>0,Actual!K19,"") -> 5516.45 | F10: =IF(COUNTA(Actual!K2:K18)>0,Actual!K20,"") -> 4456.83 | G10: =IF(COUNTA(Actual!K2:K18)>0,E10-F10,"") -> 1059.62 | H10: =IF(COUNTA(Actual!K2:K18)>0,G10-D10,"") -> 197.62 | I10: =SUM($G$2:G10) -> 12142.17
A11: Oct | B11: =Budget!L19 -> 5500 | C11: =Budget!L20 -> 4498 | D11: =B11-C11 -> 1002 | E11: =IF(COUNTA(Actual!L2:L18)>0,Actual!L19,"") | F11: =IF(COUNTA(Actual!L2:L18)>0,Actual!L20,"") | G11: =IF(COUNTA(Actual!L2:L18)>0,E11-F11,"") | H11: =IF(COUNTA(Actual!L2:L18)>0,G11-D11,"") | I11: =SUM($G$2:G11) -> 12142.17
A12: Nov | B12: =Budget!M19 -> 5500 | C12: =Budget!M20 -> 4868 | D12: =B12-C12 -> 632 | E12: =IF(COUNTA(Actual!M2:M18)>0,Actual!M19,"") | F12: =IF(COUNTA(Actual!M2:M18)>0,Actual!M20,"") | G12: =IF(COUNTA(Actual!M2:M18)>0,E12-F12,"") | H12: =IF(COUNTA(Actual!M2:M18)>0,G12-D12,"") | I12: =SUM($G$2:G12) -> 12142.17
A13: Dec | B13: =Budget!N19 -> 7700 | C13: =Budget!N20 -> 5567 | D13: =B13-C13 -> 2133 | E13: =IF(COUNTA(Actual!N2:N18)>0,Actual!N19,"") | F13: =IF(COUNTA(Actual!N2:N18)>0,Actual!N20,"") | G13: =IF(COUNTA(Actual!N2:N18)>0,E13-F13,"") | H13: =IF(COUNTA(Actual!N2:N18)>0,G13-D13,"") | I13: =SUM($G$2:G13) -> 12142.17
A14: Year | B14: =SUM(B2:B13) -> 74300 | C14: =SUM(C2:C13) -> 58025 | D14: =SUM(D2:D13) -> 16275 | E14: =SUM(E2:E13) -> 55273.5 | F14: =SUM(F2:F13) -> 43131.33 | G14: =SUM(G2:G13) -> 12142.17 | H14: =SUM(H2:H13) -> -365.83 | I14: =I13 -> 12142.17

Sheet Categories
A1: Category | B1: Type | C1: Planned for the year | D1: Planned so far | E1: Actual so far | F1: Better or worse | G1: Share of year used | H1: Left in the plan
A2: =Budget!A2 -> Paychecks | B2: =Budget!B2 -> Income | C2: =Budget!O2 -> 67600 | D2: =SUMIF(Actual!$C$19:$N$19,"<>0",Budget!C2:N2) -> 52000 | E2: =Actual!O2 -> 52000 | F2: =IF(B2="Income",E2-D2,D2-E2) -> 0 | G2: =IF(C2=0,0,E2/C2) -> 0.76923077 | H2: =C2-E2 -> 15600
A3: =Budget!A3 -> Side income and bonus | B3: =Budget!B3 -> Income | C3: =Budget!O3 -> 6700 | D3: =SUMIF(Actual!$C$19:$N$19,"<>0",Budget!C3:N3) -> 3600 | E3: =Actual!O3 -> 3273.5 | F3: =IF(B3="Income",E3-D3,D3-E3) -> -326.5 | G3: =IF(C3=0,0,E3/C3) -> 0.48858209 | H3: =C3-E3 -> 3426.5
A4: =Budget!A4 -> Rent or mortgage | B4: =Budget!B4 -> Expense | C4: =Budget!O4 -> 19800 | D4: =SUMIF(Actual!$C$19:$N$19,"<>0",Budget!C4:N4) -> 14850 | E4: =Actual!O4 -> 14850 | F4: =IF(B4="Income",E4-D4,D4-E4) -> 0 | G4: =IF(C4=0,0,E4/C4) -> 0.75 | H4: =C4-E4 -> 4950
A5: =Budget!A5 -> Utilities | B5: =Budget!B5 -> Expense | C5: =Budget!O5 -> 2370 | D5: =SUMIF(Actual!$C$19:$N$19,"<>0",Budget!C5:N5) -> 1790 | E5: =Actual!O5 -> 1788.76 | F5: =IF(B5="Income",E5-D5,D5-E5) -> 1.24 | G5: =IF(C5=0,0,E5/C5) -> 0.75475105 | H5: =C5-E5 -> 581.24
A6: =Budget!A6 -> Groceries | B6: =Budget!B6 -> Expense | C6: =Budget!O6 -> 7760 | D6: =SUMIF(Actual!$C$19:$N$19,"<>0",Budget!C6:N6) -> 5680 | E6: =Actual!O6 -> 5833.31 | F6: =IF(B6="Income",E6-D6,D6-E6) -> -153.31 | G6: =IF(C6=0,0,E6/C6) -> 0.75171521 | H6: =C6-E6 -> 1926.69
A7: =Budget!A7 -> Car and gas | B7: =Budget!B7 -> Expense | C7: =Budget!O7 -> 3720 | D7: =SUMIF(Actual!$C$19:$N$19,"<>0",Budget!C7:N7) -> 2790 | E7: =Actual!O7 -> 2793.32 | F7: =IF(B7="Income",E7-D7,D7-E7) -> -3.32 | G7: =IF(C7=0,0,E7/C7) -> 0.75089247 | H7: =C7-E7 -> 926.68
A8: =Budget!A8 -> Insurance | B8: =Budget!B8 -> Expense | C8: =Budget!O8 -> 3420 | D8: =SUMIF(Actual!$C$19:$N$19,"<>0",Budget!C8:N8) -> 2565 | E8: =Actual!O8 -> 2565 | F8: =IF(B8="Income",E8-D8,D8-E8) -> 0 | G8: =IF(C8=0,0,E8/C8) -> 0.75 | H8: =C8-E8 -> 855
A9: =Budget!A9 -> Phone and internet | B9: =Budget!B9 -> Expense | C9: =Budget!O9 -> 1740 | D9: =SUMIF(Actual!$C$19:$N$19,"<>0",Budget!C9:N9) -> 1305 | E9: =Actual!O9 -> 1305 | F9: =IF(B9="Income",E9-D9,D9-E9) -> 0 | G9: =IF(C9=0,0,E9/C9) -> 0.75 | H9: =C9-E9 -> 435
A10: =Budget!A10 -> Subscriptions | B10: =Budget!B10 -> Expense | C10: =Budget!O10 -> 576 | D10: =SUMIF(Actual!$C$19:$N$19,"<>0",Budget!C10:N10) -> 432 | E10: =Actual!O10 -> 432 | F10: =IF(B10="Income",E10-D10,D10-E10) -> 0 | G10: =IF(C10=0,0,E10/C10) -> 0.75 | H10: =C10-E10 -> 144
A11: =Budget!A11 -> Eating out | B11: =Budget!B11 -> Expense | C11: =Budget!O11 -> 2160 | D11: =SUMIF(Actual!$C$19:$N$19,"<>0",Budget!C11:N11) -> 1620 | E11: =Actual!O11 -> 1505.87 | F11: =IF(B11="Income",E11-D11,D11-E11) -> 114.13 | G11: =IF(C11=0,0,E11/C11) -> 0.69716204 | H11: =C11-E11 -> 654.13
A12: =Budget!A12 -> Kids and school | B12: =Budget!B12 -> Expense | C12: =Budget!O12 -> 2110 | D12: =SUMIF(Actual!$C$19:$N$19,"<>0",Budget!C12:N12) -> 1750 | E12: =Actual!O12 -> 1715.19 | F12: =IF(B12="Income",E12-D12,D12-E12) -> 34.81 | G12: =IF(C12=0,0,E12/C12) -> 0.81288626 | H12: =C12-E12 -> 394.81
A13: =Budget!A13 -> Medical | B13: =Budget!B13 -> Expense | C13: =Budget!O13 -> 1080 | D13: =SUMIF(Actual!$C$19:$N$19,"<>0",Budget!C13:N13) -> 810 | E13: =Actual!O13 -> 821.85 | F13: =IF(B13="Income",E13-D13,D13-E13) -> -11.85 | G13: =IF(C13=0,0,E13/C13) -> 0.76097222 | H13: =C13-E13 -> 258.15
... A18: =Budget!A18 -> Savings | B18: =Budget!B18 -> Expense | C18: =Budget!O18 -> 7200 | D18: =SUMIF(Actual!$C$19:$N$19,"<>0",Budget!C18:N18) -> 5400 | E18: =Actual!O18 -> 5400 | F18: =IF(B18="Income",E18-D18,D18-E18) -> 0 | G18: =IF(C18=0,0,E18/C18) -> 0.75 | H18: =C18-E18 -> 1800
